 Dungeon Crawl Stone Soup version 0.28.0-53-g5a82cb258f (webtiles) character file.

Game seed: 12893894400082152152

3530 rabbi the Basher (level 9, -18/81 HPs)
             Began as a Minotaur Fighter on June 26, 2022.
             Was a Follower of Qazlal.
             Demolished by a boulder beetle (29 damage)
             ... on level 6 of the Dungeon.
             The game lasted 01:01:03 (10032 turns).

rabbi the Basher (Minotaur Fighter)                Turns: 10032, Time: 01:01:04

Health: -18/81     AC: 21    Str: 25    XL:     9   Next: 82%
Magic:  8/8        EV: 24    Int:  5    God:    Qazlal [*.....]
Gold:   401        SH:  7    Dex: 12    Spells: 8/8 levels left

rFire   . . .      SeeInvis .   a - +0 flail
rCold   + . .      Faith    .   c - +0 buckler
rNeg    + . .      Spirit   .   E - +2 chain mail of the Poles {rC+ Dex+2}
rPois   .          Reflect  .   (helmet restricted)
rElec   .          Harm     .   s - +0 cloak
rCorr   .          Rampage  .   k - +0 pair of gloves
Will    .....                   x - +0 pair of boots
Stlth   ..........              F - amulet of the acrobat
HPRegen 0.23/turn               m - +4 ring of protection
MPRegen 0.11/turn               D - ring of positive energy

@: mighty, acrobatic
A: horns 2, retaliatory headbutt
a: Renounce Religion


You were on level 6 of the Dungeon.
You worshipped Qazlal.
Qazlal was aware of your devotion.
You visited 2 branches of the dungeon, and saw 8 of its levels.

You collected 401 gold pieces.

Inventory:

Hand Weapons
 a - a +0 flail (weapon)
Missiles
 t - 18 poisoned darts (quivered)
 H - 2 atropa-tipped darts
Armour
 c - a +0 buckler (worn)
 k - a +0 pair of gloves (worn)
 s - a +0 cloak (worn)
 x - a +0 pair of boots (worn)
 E - the +2 chain mail of the Poles (worn) {rC+ Dex+2}
   (You found it on level 7 of the Dungeon)

   Dex:       It affects your dexterity (+2).
   rC:        It protects you from cold.
Jewellery
 m - a +4 ring of protection (left hand)
 u - a ring of ice
 D - a ring of positive energy (right hand)
 F - an amulet of the acrobat (around neck)
Wands
 i - a wand of iceblast (19)
 y - a wand of flame (15)
Scrolls
 b - a scroll of acquirement {unknown}
 f - a scroll of summoning
 g - a scroll of teleportation {unknown}
 h - 2 scrolls of immolation {unknown}
 j - a scroll of fog {unknown}
 l - 2 scrolls of enchant armour {unknown}
 n - 2 scrolls of enchant weapon
 o - 2 scrolls of magic mapping {unknown}
 z - a scroll of noise {unknown}
Potions
 e - 4 potions of curing
 p - 2 potions of haste
 q - 2 potions of degeneration
 r - a potion of ambrosia {unknown}
 v - 2 potions of mutation
 w - a potion of resistance {unknown}
 A - a potion of flight {unknown}
 G - a potion of heal wounds {unknown}


   Skills:
 + Level 7.8 Fighting
 + Level 10.9 Maces & Flails
 + Level 1.3 Throwing
 + Level 9.4 Armour
 + Level 2.0 Dodging
 * Level 2.2 Stealth
 + Level 6.1 Shields
 + Level 0.1 Evocations


You had 8 spell levels left.
You didn't know any spells.
Your spell library contained the following spells:

 Spells                   Type           Power      Damage    Failure   Level
 Animate Skeleton         Necr           0%         N/A       98%         1
 Apportation              Tloc           0%         N/A       98%         1
 Foxfire                  Conj/Fire      0%         2x1d4     98%         1
 Summon Small Mammal      Summ           0%         N/A       98%         1
 Conjure Flame            Conj/Fire      0%         6-21      100%        3
 Gell's Gravitas          Tloc           0%         N/A       100%        3
 Inner Flame              Hex/Fire       0%         N/A       100%        3
 Lesser Beckoning         Tloc           0%         N/A       100%        3
 Ozocubu's Armour         Ice            0%         N/A       100%        3
 Stone Arrow              Conj/Erth      0%         3d7       100%        3
 Teleport Other           Tloc           0%         N/A       100%        3
 Animate Armour           Summ/Erth      0%         N/A       100%        4
 Flame Wave               Conj/Fire      0%         2d4       100%        4
 Metabolic Englaciation   Hex/Ice        0%         N/A       100%        5
 Simulacrum               Ice/Necr       0%         N/A       100%        6
 Lehudib's Crystal Spear  Conj/Erth      0%         10d2      100%        8


Dungeon Overview and Level Annotations

Branches:
Dungeon (7/15)             Temple (1/1) D:4

Altars:
Ashenzari
Cheibriados
Elyvilon
Fedhas
Makhleb
Nemelex Xobeh
Qazlal
Ru
Sif Muna
Trog
Uskayaw
Vehumet
Wu Jian
Xom
Yredelemnul
Zin
The Shining One

Shops:
D:4 (   D:6 *


Innate Abilities, Weirdness & Mutations

You have a pair of horns on your head.
You reflexively headbutt those who attack you in melee.


Message History

The boulder beetle bites you!
You sock the boulder beetle! You headbutt the boulder beetle.
The boulder beetle is heavily wounded.
The boulder beetle leaps!
The boulder beetle curls into a ball and begins rolling!
The boulder beetle completely misses you.
The boulder beetle stops rolling and uncurls.
You hit the boulder beetle but do no damage.
You headbutt the boulder beetle.
The boulder beetle is heavily wounded.
The boulder beetle bites you.
* * * LOW HITPOINT WARNING * * *
The boulder beetle curls into a ball and begins rolling!
The boulder beetle hits you but does no damage.
The boulder beetle stops rolling and uncurls.
You barely miss the boulder beetle.
The boulder beetle is heavily wounded.
You block the boulder beetle's attack.
You hit the boulder beetle but do no damage.
The boulder beetle is heavily wounded.
You block the boulder beetle's attack.
You hit the boulder beetle but do no damage.
The boulder beetle is heavily wounded.
You hit the boulder beetle.
The boulder beetle is heavily wounded.
The boulder beetle bites you but does no damage.
You hit the boulder beetle but do no damage.
The boulder beetle is heavily wounded.
The boulder beetle closely misses you.
Okay, then.
A boulder beetle is nearby!
You feel very mighty all of a sudden. The boulder beetle bites you!
* * * LOW HITPOINT WARNING * * *
It was a potion of magic.
Magic courses through your body. The boulder beetle bites you!
* * * LOW HITPOINT WARNING * * *
The boulder beetle curls into a ball and begins rolling!
The boulder beetle hits you!!
You die...

,,*,,,,#.....#,,,,*,,,,,,*,,,,*,,
,,',,,,#.....#(,,,*,,,,,,*,,,,*,,
..#..,,#.....#,,,,*,,,,.,*,,,,*,,
..#....#.....#,,,,*,,,..,*,,,,|,,
.......#.....#,,,,*,,...,*,,,)*,,
.......#.....#,,,,*,....,',,,,*,,
#.....+#.....######.....,*,,***,,
...<...8....°°○B.......#*,,,*****
...........#####@#####.**,,**,,,,
.....∩.....# #.# *,*,****,,,,
.)>........# **#.# *,**,,**,,,,
...8...>...# *,..#* *,****,*,,,,
...........#**,...****,**,,***,,*
..###..........._.,,,,,*,*****,,*
..#,...#...####...,***,**,,**,,,,
..#....#...# ##...* *,,***,*,,,,
..#....#...# *,*** *,**,,**,,,,


You could see a boulder beetle (rolling).

Vanquished Creatures
  6 yaks
  An ice beast (D:6)
  2 black bears
  A necrophage (D:7)
  2 centaurs
  7 ogres
  A phantom (D:6)
  A kobold brigand (D:7)
  2 bullfrogs (D:7)
  A scorpion (D:7)
  A water moccasin zombie (D:5)
  4 killer bees (D:7)
  A bullfrog zombie (D:5)
  7 hounds
  A gnoll shaman (D:6)
  A centaur zombie (D:5)
  Jessica (D:2)
  6 iguanas
  Crazy Yiuf (D:3)
  2 orc wizards (D:3)
  2 centaur skeletons
  A scorpion zombie (D:5)
  Terence (D:3)
  13 gnolls
  7 adders
  A shadow imp (D:6)
  2 white imps (D:7)
  An ufetubus (D:4)
  An adder zombie (D:5)
  4 worms
  4 dart slugs
  6 orcs
  11 ball pythons
  10 bats
  7 endoplasms
  9 giant cockroaches
  8 goblins
  6 hobgoblins
  7 jackals (D:1)
  9 kobolds
  6 quokkas
  6 frilled lizards
  5 rats
176 creatures vanquished.

Vanquished Creatures (collateral kills)
  A goblin (D:2)
  A kobold (D:2)
2 creatures vanquished.

Vanquished Creatures (others)
  7 plants (D:7)
7 creatures vanquished.

Grand Total: 185 creatures vanquished

Notes
Turn   | Place    | Note
-------+----------+-------------------------------------------
     0 | D:1      | rabbi the Minotaur Fighter began the quest for the Orb.
     0 | D:1      | Reached XP level 1. HP: 19/19 MP: 0/0
   133 | D:1      | Reached XP level 2. HP: 27/27 MP: 1/1
   511 | D:1      | Reached XP level 3. HP: 34/34 MP: 2/2
   810 | D:1      | Reached skill level 3 in Maces & Flails
  1224 | D:2      | Reached XP level 4. HP: 37/41 MP: 3/3
  1456 | D:2      | Reached skill level 4 in Maces & Flails
  1612 | D:2      | Reached XP level 5. HP: 47/47 MP: 4/4
  1844 | D:2      | Found a sparkling altar of Nemelex Xobeh.
  1847 | D:2      | Noticed Jessica
  1857 | D:2      | Killed Jessica
  2727 | D:3      | Reached skill level 5 in Armour
  2957 | D:3      | Reached XP level 6. HP: 55/55 MP: 5/5
  2977 | D:3      | Found a runed translucent door.
  2978 | D:3      | Noticed Crazy Yiuf
  3030 | D:3      | Noticed Terence
  3037 | D:3      | Killed Terence
  3334 | D:3      | Killed Crazy Yiuf
  3490 | D:4      | Found Muett's Weapon Shoppe.
  3578 | D:4      | Reached skill level 5 in Maces & Flails
  3765 | D:4      | Reached skill level 5 in Fighting
  3921 | D:4      | Found a staircase to the Ecumenical Temple.
  3963 | Temple   | Entered the Ecumenical Temple
  4180 | Temple   | Became a worshipper of Qazlal Stormbringer
  4382 | D:4      | Found a hide-covered altar of Uskayaw.
  4477 | D:4      | Reached XP level 7. HP: 48/61 MP: 6/6
  4587 | D:5      | Entered Level 5 of the Dungeon
  4595 | D:5      | Reached skill level 6 in Maces & Flails
  4954 | D:5      | Noticed a yak
  4961 | D:5      | Noticed a yak
  4963 | D:5      | Noticed a yak
  4965 | D:5      | Noticed a yak
  4967 | D:5      | Noticed a yak
  5036 | D:4      | Killed a yak
  5037 | D:4      | Reached skill level 7 in Maces & Flails
  5037 | D:4      | Reached skill level 1 in Dodging
  5207 | D:4      | Killed a yak
  5208 | D:4      | Reached XP level 8. HP: 52/70 MP: 7/7
  5595 | D:5      | Reached skill level 8 in Maces & Flails
  5759 | D:5      | Reached skill level 5 in Shields
  6101 | D:5      | Reached skill level 9 in Maces & Flails
  6157 | D:5      | Reached * piety under Qazlal
  6495 | D:6      | Found Seanin's General Store.
  6762 | D:6      | Found a shimmering blue altar of Sif Muna.
  6809 | D:6      | Reached XP level 9. HP: 78/78 MP: 8/8
  7248 | D:6      | Reached skill level 10 in Maces & Flails
  7534 | D:6      | Identified the +6 long sword "Rewiwan" {venom, rElec rPois}
  7722 | D:6      | Found Seanin's General Store.
  7792 | D:6      | Found a shimmering blue altar of Sif Muna.
  8128 | D:6      | Found Seanin's General Store.
  8403 | D:7      | Reached skill level 1 in Stealth
  8511 | D:7      | Reached skill level 1 in Throwing
  9305 | D:7      | Identified the +2 chain mail of the Poles {rC+ Dex+2}
  9354 | D:7      | Found a white marble altar of Elyvilon.
  9453 | D:7      | Reached ** piety under Qazlal
  9617 | D:7      | Noticed a gargoyle
  9617 | D:7      | Noticed a boulder beetle
  9617 | D:7      | Noticed a troll
  9624 | D:7      | Noticed a skeletal warrior
 10031 | D:6      | Found a shimmering blue altar of Sif Muna.
 10032 | D:6      | Demolished by a boulder beetle

Illustrated notes

Levels and vault maps discovered:
D:1:      lightli_arrival_statuegarden, layout_basic, hex_medium
D:2:      layout_loops_cross, basic_altar, grunt_decor_fettered,
          minmay_guardbox, uniq_jessica
D:3:      layout_loops_cross, minmay_misc_feat_tower, uniq_crazy_yiuf_cottage,
          uniq_terence
D:4:      layout_loops_ring, kennysheep_mini_moat, minmay_temple_entry_trees,
          serial_shops, kennysheep_little_box
D:5:      layout_basic, portal_sewer_entry_b, saegor_snake_ambush
D:6:      layout_gridville, nicolae_overflow_crystal_walls,
          nicolae_stop_n_shop_1, grunt_decor_resistance
D:7:      nzn_winding_woodlands_three_and_one
          [nzn_winding_woodlands_5x15_sawtooth,
          nzn_winding_woodlands_5x15_lazy_stream,
          nzn_winding_woodlands_5x15_zeroes,
          nzn_winding_woodlands_center_pierced_h], layout_gridville,
          nicolae_elyvilon_peaceful_grove, minmay_checkerbox
Temple:   eino_narrow_crystal_temple

Skill      XL: |  1  2  3  4  5  6  7  8  9 |
---------------+----------------------------+-----
Fighting       | 4 5 6 7 |  7.8
Shields        | 4 5 6 |  6.1
Armour         | 4 5 6 8 9 |  9.4
Maces & Flails | 3 4 5 7 9 10 | 10.9
Dodging        | 1 2 |  2.0
Stealth        | 2 |  2.2
Throwing       | 1 |  1.3
Evocations     | |  0.1

Action                   |  1- 3 |  4- 6 |  7- 9 || total
-------------------------+-------+-------+-------++-------
Melee: Flail             |    92 |   181 |   328 ||   601
       Headbutt          |     6 |    23 |    70 ||    99
Throw: Dart              |       |       |    12 ||    12
Invok: Upheaval          |       |       |     1 ||     1
Evoke: Wand              |       |     1 |       ||     1
  Use: Scroll            |       |     1 |     5 ||     6
       Potion            |       |       |     5 ||     5
Armor: Scale mail        |    48 |    55 |       ||   103
       Chain mail        |       |    30 |   143 ||   173
       Plate armour      |       |       |     4 ||     4
Dodge: Dodged            |    32 |    64 |   111 ||   207
Block: Buckler           |    24 |    36 |    83 ||   143
